 Dungeon Crawl Stone Soup version 0.21.1-1-g345015fe64 (webtiles) character file.

11956 LilDood the Cleaver (level 11, -9/102 HPs)
             Began as a Hill Orc Fighter on June 23, 2018.
             Was an Elder of Beogh.
             Mangled by a cyan ugly thing (17 damage)
             ... on level 12 of the Dungeon on June 24, 2018.
             The game lasted 01:08:24 (13853 turns).

LilDood the Cleaver (Hill Orc Fighter)             Turns: 13853, Time: 01:08:24

Health: -9/102     AC: 17    Str: 23    XL:     11   Next: 85%
Magic:  11/11      EV:  9    Int:  8    God:    Beogh [****..]
Gold:   632        SH: 12    Dex: 10    Spells: 10/10 levels left

rFire    . . .     SeeInvis +   g - +0 war axe
rCold    . . .     Gourm    .   c - +0 shield
rNeg     . . .     Faith    +   b - +2 chain mail {MR+}
rPois    .         Spirit   .   u - +0 helmet
rElec    .         Reflect  .   (no cloak)
rCorr    .         Harm     .   B - +1 pair of gloves
MR       +....                  (no boots)
Stlth    ..........             n - amulet of faith
HPRegen  0.27/turn              p - +2 ring of evasion
MPRegen  0.12/turn              J - ring of see invisible

@: no status effects
A: no striking features
a: Smiting, Recall Orcish Followers, Renounce Religion


You were on level 12 of the Dungeon.
You worshipped Beogh.
Beogh was greatly pleased with you.
You were not hungry.

You visited 1 branch of the dungeon, and saw 12 of its levels.

You collected 840 gold pieces.
You spent 208 gold pieces at shops.

Inventory:

Hand Weapons
 g - a +0 war axe (weapon)
Missiles
 U - 3 tomahawks (quivered)
Armour
 b - a +2 chain mail of magic resistance (worn)
 c - a +0 shield (worn)
 u - a +0 helmet (worn)
 B - a +1 pair of gloves (worn)
 O - a +0 plate armour of cold resistance
 R - a +0 large shield
 W - a +0 ring mail of cold resistance
Jewellery
 a - a +6 ring of strength {unknown}
 n - an amulet of faith (around neck)
 p - a +2 ring of evasion (left hand)
 z - an uncursed amulet of magic regeneration {unknown}
 J - a ring of see invisible (right hand)
 N - the amulet of the Air {Inacc +Fly rElec EV+5 RMsl}
   (You found it on level 10 of the Dungeon)

   [amulet of inaccuracy]

   It reduces the accuracy of all your attacks.
   It affects your evasion (+5).
   It insulates you from electricity.
   It lets you fly.
   It protects you from missiles.
Wands
 x - a wand of flame (23)
 A - a wand of iceblast (9)
 I - a wand of scattershot (4)
Scrolls
 e - 7 scrolls of teleportation
 h - 3 scrolls of enchant armour {unknown}
 l - 3 scrolls of magic mapping
 r - 5 scrolls of remove curse
 s - a scroll of fog {unknown}
 t - 10 scrolls of identify
 w - 3 scrolls of amnesia
 y - a scroll of enchant weapon {unknown}
 C - a scroll of immolation {unknown}
 E - a scroll of noise {unknown}
 L - a scroll of acquirement {unknown}
 M - 2 scrolls of blinking {unknown}
 Q - a scroll of fear
 T - 2 scrolls of holy word
Potions
 d - 3 potions of might
 j - 2 potions of flight {unknown}
 k - 6 potions of curing
 m - a potion of cancellation {unknown}
 o - a potion of ambrosia
 q - a potion of heal wounds
 v - 3 potions of lignification {unknown}
 D - a potion of brilliance {unknown}
 G - a potion of degeneration {unknown}
 K - 2 potions of resistance {unknown}
 P - a potion of magic {unknown}
Books
 F - a book of Cantrips

   Spells                             Type                      Level
   a - Confusing Touch                Hexes                        1
   b - Animate Skeleton               Necromancy                   1
   c - Summon Small Mammal            Summoning                    1
   d - Apportation                    Translocation                1
 H - a book of Frost

   Spells                             Type                      Level
   a - Freeze                         Ice                          1
   b - Throw Frost                    Conjuration/Ice              2
   c - Ozocubu's Armour               Charms/Ice                   3
   d - Throw Icicle                   Conjuration/Ice              4
   e - Summon Ice Beast               Ice/Summoning                4
 S - a book of Minor Magic

   Spells                             Type                      Level
   a - Magic Dart                     Conjuration                  1
   b - Blink                          Translocation                2
   c - Call Imp                       Summoning                    2
   d - Slow                           Hexes                        2
   e - Conjure Flame                  Conjuration/Fire             3
   f - Mephitic Cloud                 Conjuration/Poison/Air       3
 Z - a book of Clouds

   Spells                             Type                      Level
   a - Poisonous Vapours              Poison/Air                   2
   b - Mephitic Cloud                 Conjuration/Poison/Air       3
   c - Conjure Flame                  Conjuration/Fire             3
   d - Freezing Cloud                 Conjuration/Ice/Air          6
   e - Ring of Flames                 Charms/Fire                  7
Comestibles
 f - 22 rations
 i - 6 chunks of flesh


   Skills:
 + Level 11.5 Fighting
 + Level 12.1 Axes
 + Level 10.6 Armour
 + Level 10.7 Shields


You had 10 spell levels left.
You didn't know any spells.

Dungeon Overview and Level Annotations

Branches:
Dungeon (12/15)            Temple (0/1) D:5            Lair (0/6) D:9
    Orc (0/2) D:9

Altars:
Ashenzari
Dithmenos
Hepliaklqana
Makhleb
Okawaru
Qazlal
Trog
Uskayaw
Wu Jian

Shops:
D:6 =   D:11 ?


Message History

You feel much better. The cyan ugly thing claws you.
* * * LOW HITPOINT WARNING * * *
The cyan ugly thing shocks you!
* * * LOW HITPOINT WARNING * * *
The seven-headed hydra closely misses you.
The seven-headed hydra bites you.
* * * LOW HITPOINT WARNING * * *
You block the seven-headed hydra's attack.
The seven-headed hydra bites you.
* * * LOW HITPOINT WARNING * * *
The seven-headed hydra bites you but does no damage. x2
The seven-headed hydra barely misses you.
There is an open door, spattered with blood here.
Items here: ))) [ รท a +0 hand axe; a ring mail; a giant club; a giant spiked club the human skeleton of Harold The cyan ugly thing claws you.
* * * LOW HITPOINT WARNING * * *
The cyan ugly thing shocks you!
You die...

****,***,........................
,,,*,,,,,..........####........##
,,,+,,,,**##..........#........#.
,,,*,*,,*<,#.....................
,,,*,*,,*,,#.....#####+#########'
,,,*,*,,*,,#.....##.#...#.##.....
,***,,,,+,,#.....#...#.#...#.#.##
,*,,,,,,*,,#####.##.#.#.#.##.#...
,*,,,,,,*,,,,,*#@#.#...).#.#.#.##
,+,,,,,,*,,,,,*#.u.D#.#.#..'..)..
**,,,,,,****,,*#.#.#.....#.#.###.
********* *,,#..##.#.#.#.##.....
* *,....#...#.#...###### *
#...#.##.#...#.##..... *
#...#.#####+#########) *
***#####.#,,,,,,,,,#..... *
****,,,,,,..#,,******,#.####


You could see a seven-headed hydra and a cyan ugly thing.

Vanquished Creatures
  3 two-headed ogres
  An unseen horror (D:11)
  The ghost of LevaFresel the Chopper, a novice HuFi (D:5)
  A merfolk (D:9)
  3 trolls
  4 slime creatures (D:12)
  3 hippogriffs (D:8)
  A shadow (D:11)
  A wraith (D:10)
  Eustachio (D:4)
  A hungry ghost (D:8)
  A water moccasin (D:5)
  3 ice beasts
  10 orc warriors
  3 sky beasts
  3 phantoms
  6 ogres
  2 necrophages (D:9)
  4 centaurs
  A big kobold (D:8)
  A gnoll sergeant (D:6)
  5 bullfrogs
  2 scorpions
  4 killer bees (D:11)
  A howler monkey (D:5)
  2 crimson imps
  A centaur zombie (D:6)
  3 jellies
  4 hounds
  5 orc priests
  A bullfrog skeleton (D:8)
  13 orc wizards
  3 iguanas
  9 worker ants
  A hound skeleton (D:7)
  2 worker ant zombies
  10 gnolls
  2 howler monkey skeletons (D:4)
  13 adders
  2 shadow imps
  3 adder zombies
  3 worms
  2 adder skeletons
  A dart slug (D:3)
  5 leopard geckos
  48 orcs
  4 giant cockroaches
  9 goblins
  11 hobgoblins
  9 jackals
  4 quokkas
  3 ball pythons
  9 bats
  6 frilled lizards
  15 kobolds
  3 quokka skeletons
  7 rats
279 creatures vanquished.

Vanquished Creatures (collateral kills)
  The ghost of faabio the Cleaver, a journeyman HOMo of Beogh (D:11)
  Harold (D:12)
  A deep elf mage (D:12)
  A manticore (D:11)
  A centaur zombie (D:12)
  A meliai (D:12)
  2 slime creatures (D:12)
  A wyvern (D:10)
  A wraith (D:11)
  A centaur (D:10)
  2 killer bees (D:11)
  2 howler monkeys
  An orc priest (D:9)
  A worker ant (D:12)
  2 orcs
  A leopard gecko (D:10)
20 creatures vanquished.

Vanquished Creatures (others)
  An orc knight (D:12)
  An orc wizard (D:12)
  An orc (D:11)
  A plant (D:10)
4 creatures vanquished.

Grand Total: 303 creatures vanquished

Notes
Turn   | Place    | Note
-------+----------+-------------------------------------------
     0 | D:1      | LilDood the Hill Orc Fighter began the quest for the Orb.
     0 | D:1      | Reached XP level 1. HP: 19/19 MP: 1/1
    75 | D:1      | Reached skill level 3 in Axes
    75 | D:1      | Reached XP level 2. HP: 23/27 MP: 2/2
   191 | D:1      | Reached XP level 3. HP: 30/33 MP: 3/3
   694 | D:2      | Reached XP level 4. HP: 25/40 MP: 4/4
  1336 | D:2      | Found a stormy altar of Qazlal.
  1463 | D:3      | Reached skill level 4 in Axes
  1518 | D:3      | Reached XP level 5. HP: 39/47 MP: 5/5
  1716 | D:3      | Noticed an ogre
  1730 | D:3      | Killed an ogre
  1826 | D:3      | Reached skill level 5 in Fighting
  1826 | D:3      | Reached XP level 6. HP: 50/56 MP: 6/6
  2438 | D:4      | Reached skill level 5 in Axes
  2476 | D:4      | Noticed Eustachio
  2486 | D:5      | Entered Level 5 of the Dungeon
  2517 | D:5      | Noticed LevaFresel's ghost (novice HuFi)
  2541 | D:5      | Noticed a sky beast
  2584 | D:5      | Reached skill level 5 in Armour
  2584 | D:5      | Reached skill level 5 in Shields
  2584 | D:5      | Reached XP level 7. HP: 20/61 MP: 7/7
  2811 | D:5      | HP: 3/62 [ogre/giant spiked club (20)]
  3307 | D:4      | Killed Eustachio
  3307 | D:4      | Reached skill level 6 in Axes
  3426 | D:4      | Found a burning altar of Makhleb.
  3559 | D:5      | Reached XP level 8. HP: 68/71 MP: 8/8
  3892 | D:5      | Found an iron altar of Okawaru.
  3893 | D:5      | Found a hide-covered altar of Uskayaw.
  4680 | D:5      | Reached skill level 7 in Axes
  4957 | D:5      | Found a staircase to the Ecumenical Temple.
  5035 | D:5      | Killed LevaFresel's ghost
  5035 | D:5      | Reached XP level 9. HP: 50/81 MP: 9/9
  5134 | D:6      | Reached skill level 8 in Axes
  5355 | D:6      | Found an ornate altar of the Wu Jian Council.
  5870 | D:6      | Found Tymiapt's Jewellery Shoppe.
  6129 | D:6      | Became a worshipper of Beogh the Brigand
  6157 | D:6      | Found a shadowy altar of Dithmenos.
  6157 | D:6      | Found a bloodstained altar of Trog.
  7355 | D:7      | Reached skill level 9 in Axes
  8001 | D:7      | Found a hazy altar of Hepliaklqana.
  8445 | D:8      | Reached XP level 10. HP: 67/91 MP: 10/10
  8572 | D:8      | Reached * piety under Beogh
  9763 | D:8      | Reached skill level 10 in Axes
  9777 | D:8      | Reached ** piety under Beogh
 10251 | D:9      | Found a staircase to the Lair.
 10547 | D:9      | Reached skill level 10 in Fighting
 11038 | D:9      | Reached *** piety under Beogh
 11469 | D:9      | Found a staircase to the Orcish Mines.
 11547 | D:10     | Entered Level 10 of the Dungeon
 11631 | D:10     | Reached XP level 11. HP: 88/101 MP: 11/11
 11696 | D:10     | Found a shattered altar of Ashenzari.
 11700 | D:10     | Saw a vision of the Swamp and the Spider Nest.
 11700 | D:10     | Noticed an alligator
 11700 | D:10     | Noticed an alligator
 11700 | D:10     | Noticed an alligator
 11700 | D:10     | Noticed an alligator
 11700 | D:10     | Noticed an alligator
 11701 | D:10     | Noticed an alligator
 11701 | D:10     | Noticed an alligator
 11830 | D:10     | Found the amulet of the Air {Inacc +Fly rElec EV+5 RMsl}
 11877 | D:10     | Noticed a two-headed ogre
 11887 | D:10     | Killed a two-headed ogre
 11887 | D:10     | Reached skill level 11 in Axes
 12743 | D:11     | Reached skill level 10 in Shields
 12747 | D:11     | Gained Wulfoc as an ally
 12826 | D:11     | Noticed a two-headed ogre
 12831 | D:11     | Killed a two-headed ogre
 12831 | D:11     | Reached skill level 10 in Armour
 12834 | D:11     | Found Nibe's Magic Scroll Emporium.
 12840 | D:11     | Noticed faabio's ghost (journeyman HOMo)
 12860 | D:11     | Killed faabio's ghost
 13030 | D:11     | Noticed a manticore
 13039 | D:11     | Killed a manticore
 13049 | D:11     | Bought a scroll of fear for 56 gold pieces
 13049 | D:11     | Bought a scroll of holy word for 120 gold pieces
 13049 | D:11     | Bought a scroll of identify for 32 gold pieces
 13291 | D:11     | Noticed an unseen horror
 13303 | D:11     | Killed an unseen horror
 13316 | D:11     | Reached **** piety under Beogh
 13621 | D:12     | Noticed a two-headed ogre
 13624 | D:12     | Noticed Harold
 13634 | D:12     | Killed a two-headed ogre
 13652 | D:12     | Killed Harold
 13652 | D:12     | Reached skill level 12 in Axes
 13812 | D:12     | Noticed a deep elf mage
 13815 | D:12     | Noticed a cyan ugly thing
 13816 | D:12     | Noticed a four-headed hydra
 13819 | D:12     | Killed a deep elf mage
 13829 | D:12     | Your ally Wulfoc died
 13846 | D:12     | HP: 5/102 [seven-headed hydra (4)]
 13853 | D:12     | Mangled by a cyan ugly thing

Skill      XL: |  1  2  3  4  5  6  7  8  9 10 11 |
---------------+----------------------------------+-----
Axes           | 3 4 5 6 7 9 10 12 | 12.1
Fighting       | 4 5 6 7 9 10 11 | 11.5
Armour         | 4 5 7 8 9 10 | 10.6
Shields        | 4 5 7 8 9 10 | 10.7

Action                   |  1- 3 |  4- 6 |  7- 9 | 10-12 || total
-------------------------+-------+-------+-------+-------++-------
Melee: War axe           |   152 |   186 |   449 |   492 ||  1279
Throw: Tomahawk          |     5 |       |       |     6 ||    11
Invok: Convert to Beogh  |       |       |     1 |       ||     1
  Use: Potion            |       |     1 |     2 |     2 ||     5
       Scroll            |       |       |       |     6 ||     6
 Stab: Distracted        |       |       |       |     3 ||     3
  Eat: Chunk             |       |     5 |    17 |    12 ||    34
       Ration            |       |       |     1 |     2 ||     3
Armor: Scale mail        |    73 |    64 |   132 |    37 ||   306
       Chain mail        |       |       |       |    86 ||    86
       Plate armour      |       |       |       |    10 ||    10
Dodge: Dodged            |    57 |    42 |   121 |    97 ||   317
Block: Shield            |    79 |    81 |   223 |   129 ||   512
       Large shield      |       |       |       |   176 ||   176
